 Dungeon Crawl Stone Soup version 0.19.0-20-gbc5f0c6 (webtiles) character file.

366 dobroeutro the Archer (level 6, 0/52 HPs)
             Began as a Centaur Hunter on Nov 17, 2016.
             Slain by an orc (1 damage)
             ... on level 4 of the Dungeon.
             The game lasted 00:08:48 (4221 turns).

dobroeutro the Archer (Centaur Hunter)              Turns: 4221, Time: 00:08:49

Health: 0/52       AC:  6    Str: 16    XL:     6   Next: 40%
Magic:  15/15      EV: 10    Int: 10    God:
Gold:   202        SH:  0    Dex: 12    Spells: 0 memorised, 5 levels left

rFire  + . .     SeeInvis .     z - +1 short sword (vamp)
rCold  . . .     Gourm    .     h - +0 robe
rNeg   . . .     Faith    .     (no shield)
rPois  .         Spirit   .     (no helmet)
rElec  .         Reflect  .     (no cloak)
rCorr  .         Harm     .     (no gloves)
MR     .....                    (no barding)
Stlth  +.........               r - amulet of regeneration
                                w - ring of magical power
                                l - ring of protection from fire

@: very quick
A: hooves 3, slimy green scales 1, agile 1, deformed body, speed 2, robust 1,
tough skin 3, subdued magic 1
a: no special abilities


You were on level 4 of the Dungeon.
You were not hungry.

You visited 1 branch of the dungeon, and saw 4 of its levels.
You also visited: Sewer.

You collected 202 gold pieces.

Inventory:

Hand Weapons
 a - a +2 shortbow
 b - a +0 short sword
 z - a +1 vampiric short sword (weapon)
Missiles
 d - 39 arrows
Armour
 h - a +0 robe (worn)
Jewellery
 l - a ring of protection from fire (left hand)
 r - an amulet of regeneration (around neck)
 w - a ring of magical power (right hand)
Wands
 i - a wand of digging (14/24)
 m - a wand of slowing (28/48)
 s - a wand of flame (3/48)
Scrolls
 k - a scroll of recharging
 n - a scroll of fog
 p - 3 scrolls of identify
 v - a scroll of magic mapping {unknown}
 y - a scroll of teleportation
 B - a scroll of blinking {unknown}
Potions
 c - a potion of mutation
 e - 2 potions of agility {unknown}
 g - a potion of resistance {unknown}
 t - a potion of berserk rage {unknown}
 u - a potion of degeneration {unknown}
 x - a potion of flight {unknown}
Comestibles
 f - 5 bread rations
 q - 2 meat rations


   Skills:
 - Level 2.0 Fighting
 + Level 10.1 Bows
 - Level 1.3 Dodging
 - Level 0.4 Stealth


You had 5 spell levels left.
You didn't know any spells.

Dungeon Overview and Level Annotations

Branches:
Dungeon (4/15)
 Temple: D:4-7

Altars:
Nemelex Xobeh
Sif Muna
Xom
Yredelemnul


Innate Abilities, Weirdness & Mutations

You have hooves in place of feet.
Armour fits poorly on your strangely shaped body.
You cover ground very quickly.
You have extremely tough skin. (AC +3)
You are partially covered in slimy green scales. (AC +2)
You are agile. (Dex +2)
You are robust. (+10% HP)
Your spells are a little easier to cast, but a little less powerful.


Message History

The orc closely misses you. x2
You hit something but do no damage. Something hits you!
* * * LOW HITPOINT WARNING * * *
The orc barely misses you. The orc hits you but does no damage.
Something hits you.
* * * LOW HITPOINT WARNING * * *
All of the chunks of flesh in your inventory have rotted away.
You barely miss something. Your kick misses something.
The orc hits you but does no damage. The orc hits you.
* * * LOW HITPOINT WARNING * * *
Something hits you but does no damage.
You hit the orc.
You kill the orc!
The orc hits you.
* * * LOW HITPOINT WARNING * * *
Something hits you but does no damage.
You barely miss the orc. Your kick misses the orc. The orc hits you.
* * * LOW HITPOINT WARNING * * *
Something hits you but does no damage. The orc hits you.
You die...

...# #.......#
#≈##≈.#≈#≈# ##.#
#.####### #.#####≈#.#
##.# #.# ####≈†.≈.##≈#
...# #.#
#####..########≈#
##.###.#
#.....#.≈≈≈≈≈≈≈##
.......#
#.##############
.......# #.# #.#..# .
.#.##.## #.# #.{..#....
...##.# #.# #@o)...#
..###.# #.#####)#..###
..###.# #.......#.....
......# #.......#......#
..#####
##.......########
..#######...............
.......##...............
...###....).............
...# #..................


You could see an orc.

Vanquished Creatures
  A howler monkey (D:4)
  2 orc priests (D:4)
  A centaur skeleton (D:4)
  A worker ant (D:4)
  A hound skeleton (D:4)
  A gnoll (D:1)
  A river rat (D:4)
  4 adders
  An ooze (D:3)
  5 worms
  5 dart slugs
  5 leopard geckos
  11 orcs
  5 giant cockroaches
  12 goblins
  10 hobgoblins
  9 jackals
  13 kobolds
  A quokka (D:3)
  3 ball pythons
  5 bats
  5 frilled lizards
  2 gnoll zombies (D:3)
  6 rats
110 creatures vanquished.

Notes
Turn   | Place    | Note
-------+----------+-------------------------------------------
     0 | D:1      | dobroeutro the Centaur Hunter began the quest for the Orb.
     0 | D:1      | Reached XP level 1. HP: 17/17 MP: 1/1
   146 | D:1      | Reached XP level 2. HP: 12/24 MP: 2/2
   246 | D:1      | Reached skill level 6 in Bows
   646 | D:1      | Reached XP level 3. HP: 18/29 MP: 3/3
   820 | D:2      | Found a shimmering altar of Xom.
   837 | D:2      | You fall through a shaft!
  1176 | D:2      | Found a deep blue altar of Sif Muna.
  1209 | D:2      | Reached skill level 7 in Bows
  1279 | D:2      | Found a shimmering altar of Xom.
  1279 | D:2      | Found a shimmering altar of Xom.
  1572 | D:2      | Gained mutation: You are robust. (+10% HP) [potion of mutation]
  1572 | D:2      | Gained mutation: You are partially covered in slimy green scales. (AC +2) [potion of mutation]
  1572 | D:2      | Gained mutation: Your spells are a little easier to cast, but a little less powerful. [potion of mutation]
  1574 | D:2      | HP: 2/46 [poisoned by an adder]
  1575 | D:2      | Gained mutation: You are agile. (Dex +2) [potion of beneficial mutation]
  1587 | D:2      | Reached XP level 4. HP: 13/39 MP: 4/4
  2136 | D:2      | Found a shimmering altar of Xom.
  2209 | D:2      | Reached skill level 8 in Bows
  2883 | D:3      | Reached XP level 5. HP: 41/45 MP: 5/5
  3223 | D:3      | Found a basalt altar of Yredelemnul.
  3494 | D:4      | Reached skill level 9 in Bows
  3529 | D:4      | Found a sparkling altar of Nemelex Xobeh.
  3829 | D:4      | Reached XP level 6. HP: 37/52 MP: 6/6
  3939 | D:4      | Found a glowing drain.
  3943 | Sewer    | Entered a sewer
  4084 | Sewer    | Noticed Purgy
  4193 | D:4      | Reached skill level 10 in Bows
  4220 | D:4      | HP: 1/52 [orc (3)]
  4221 | D:4      | Slain by an orc

Skill      XL: |  1  2  3  4  5  6 |
---------------+-------------------+-----
Bows           | 6 7 8 9 10 | 10.1
Fighting       | |  2.0
Dodging        | |  1.3
Stealth        | |  0.4

Action                   |  1- 3 |  4- 6 || total
-------------------------+-------+-------++-------
Melee: Short sword       |   144 |   383 ||   527
       Kick              |    24 |   100 ||   124
 Fire: Shortbow          |     6 |       ||     6
Evoke: Wand              |     3 |       ||     3
  Use: Scroll            |     3 |     5 ||     8
       Potion            |     5 |     2 ||     7
 Stab: Invisible         |     1 |     2 ||     3
  Eat: Chunk             |     1 |     7 ||     8
       Bread ration      |       |     1 ||     1
       Beef jerky        |       |     1 ||     1
Armor: Leather armour    |    22 |       ||    22
       Robe              |    25 |   177 ||   202
       Skin              |    12 |       ||    12
Dodge: Dodged            |    58 |   279 ||   337
